 Dungeon Crawl Stone Soup version 0.30.1-11-g7821555f0a (webtiles) character file.

Game seed: 12697107743173100439

20 KyoPewz the Sneak (level 2, 0/12 HPs)
             Began as a Felid Enchanter on Oct 31, 2023.
             Slain by a worm (12 damage)
             ... on level 2 of the Dungeon.
             The game lasted 00:01:57 (780 turns).

KyoPewz the Sneak (Felid Enchanter)                  Turns: 780, Time: 00:01:57

Health: 0/12       AC:  1    Str: 10    XL:     2   Next: 58%
Magic:  6/6        EV: 17    Int: 16    God:
Gold:   50         SH:  0    Dex: 16    Spells: 3/5 levels left
                                        Lives:  0   Deaths: 0

rFire   . .          .
                       - Unarmed
rCold   . . .        (shield unavailable)
rNeg    . . .        (body armour unavailable)
rPois   .            (helmet unavailable)
rElec   .            (cloak unavailable)
rCorr   .            (gloves unavailable)
SInv    +            (boots unavailable)
Will    .....        (no amulet)
Stlth   +++          f - +6 ring of strength
HPRegen 0.22/turn    (no ring)
MPRegen 0.10/turn

%: no passive effects
@: quick
A: very small, claws 1, fangs 3, see invisible, speed 1, shaggy fur 1, stealthy
paws, no weapons or thrown items, no armour, multi-lived
a: no special abilities


You were on level 2 of the Dungeon.
You visited 1 branch of the dungeon, and saw 2 of its levels.

You collected 50 gold pieces.

Inventory:

Jewellery
 f - a +6 ring of strength (left paw)
Scrolls
 c - 4 scrolls of identify {unknown}
 d - a scroll of teleportation {unknown}
Potions
 a - 2 potions of invisibility
 b - a potion of heal wounds {unknown}
 e - 2 potions of might {unknown}


   Skills:
 + Level 1.5 Fighting
 - Level 2.6 Dodging
 + Level 4.8 Stealth
 - Level 1.0 Unarmed Combat
 - Level 2.0 Spellcasting
 - Level 4.4 Hexes
 + Level 0.0 Ice Magic


You had 3 spell levels left.
You knew the following spells:

 Your Spells              Type           Power      Damage    Failure   Level
a - Ensorcelled Hibernat  Hex/Ice        16%        N/A       13%         2

Your spell library contained the following spells:

 Spells                   Type           Power      Damage    Failure   Level
 Confusing Touch          Hex            15%        N/A       11%         3
 Tukima's Dance           Hex            15%        N/A       11%         3
 Dazzling Flash           Conj/Hex       16%        N/A       26%         3
 Static Discharge         Conj/Air       2%         2-3/arc   30%         2
 Airstrike                Air            0%         2d(1-17)  90%         4
 Summon Lightning Spire   Summ/Air       1%         N/A       90%         4


Dungeon Overview and Level Annotations

Branches:
Dungeon (2/15)

Altars:


Innate Abilities, Weirdness & Mutations

You have sharp claws.
You have razor-sharp teeth.
You have supernaturally acute eyesight. (SInv)
You cover ground quickly. (Speed+)
You are covered in fur. (AC +1)
Your paws help you pounce on unaware monsters.
You are incapable of wielding weapons or throwing items.
You cannot wear armour.
You gain extra lives every three experience levels.


Message History

There is an open door here.
You open the door.
There is an open door here.
You see here a +0 club.
You see here a +0 leather armour.
You see here a +0 club.
There is an open door here.
There is a stone staircase leading down here.
A giant cockroach comes into view.
You scratch the giant cockroach.
The giant cockroach is moderately wounded.
The giant cockroach completely misses you.
You scratch the giant cockroach.
You kill the giant cockroach!
No target in view!
No target in view!
You pick up a book of Storms and begin reading...
You add the spells Static Discharge, Airstrike and Summon Lightning Spire to your library.
c - 4 scrolls labelled QUMPOE RUIZU (gained 1) Done exploring.
Done exploring.
Done exploring.
There is an open door here.
There is a stone staircase leading down here.
You climb downwards.
There is a stone staircase leading up here.
You scratch the giant cockroach but do no damage.
Your bite misses the giant cockroach. The giant cockroach misses you.
You scratch the giant cockroach. You claw the giant cockroach.
You kill the giant cockroach!
No target in view!
You now have 42 gold pieces (gained 16).
f - a +6 ring of strength You now have 50 gold pieces (gained 8).
A worm comes into view.
You feel stronger.
f - a +6 ring of strength (left paw)
The worm bites you!
Ouch! That really hurt!
You die...

####### #.....
#....##########
#...w##...<...#
#..@[##.......#
#....##.......#
#....##.......##
#....##........#
##.####........#
#.# #........#
#.###########.#
#.............#
###############


You could see a worm.

Vanquished Creatures
  A dart slug (D:1)
  5 giant cockroaches
  2 goblins (D:1)
  3 hobgoblins (D:1)
  2 frilled lizards (D:1)
  3 rats (D:1)
16 creatures vanquished.

Notes
Turn   | Place    | Note
-------+----------+-------------------------------------------
     0 | D:1      | KyoPewz the Felid Enchanter began the quest for the Orb.
     0 | D:1      | Reached XP level 1. HP: 7/7 MP: 4/4
   131 | D:1      | Reached skill level 1 in Fighting
   142 | D:1      | Reached XP level 2. HP: 12/12 MP: 6/6
   440 | D:1      | Learned a level 2 spell: Ensorcelled Hibernation
   780 | D:2      | Slain by a worm

Illustrated notes

Levels and vault maps discovered:
D:1:      dpeg_arrival_court, layout_basic
D:2:      layout_basic, serial_shops, nicolae_lakefront_shop, kennysheep_doodads

Skill      XL: |  1 |
---------------+----+-----
Fighting       | 1 |  1.5
Dodging        | |  2.6
Stealth        | |  4.8
Unarmed Combat | |  1.0
Spellcasting   | |  2.0
Hexes          | |  4.4

Action                     || total
---------------------------++-------
  Melee: Unarmed           ||    67
         Bite              ||     8
         Punch             ||     3
   Stab: Sleeping          ||     5
  Dodge: Dodged            ||    46
